 Dungeon Crawl Stone Soup version 0.20-a0-830-g2c9a30d (console) character file.

3388 nht the Martial Artist (level 9, -10/64 HPs)
             Began as a Black Draconian Transmuter on Mar 6, 2017.
             Was a Believer of Wu Jian.
             Mangled by a hornet (16 damage)
             ... on level 8 of the Dungeon.
             The game lasted 00:13:23 (5970 turns).

nht the Martial Artist (Black Draconian Transmuter) Turns: 5970, Time: 00:13:23

Health: -10/64     AC:  9    Str: 12    XL:     9   Next: 74%
Magic:  7/12       EV: 12    Int: 17    God:    Wu Jian [**....]
Gold:   411        SH:  0    Dex: 12    Spells: 3/12 levels left

rFire    . . .     SeeInvis .     - Unarmed
rCold    . . .     Gourm    .   (armour unavailable)
rNeg     . . .     Faith    .   (shield currently unavailable)
rPois    .         Spirit   .   (helmet restricted)
rElec    +         Reflect  .   o - +1 cloak
rCorr    .         Harm     .   (gloves currently unavailable)
MR       .....                  (no boots)
Stlth    +.........             (no amulet)
Regen    0.2/turn               (no ring)
MPRegen  0.2/turn               p - ring of wizardry

@: lethally poisoned (-10 -> -21), blade hands, slowed, very slow
A: breathe lightning, unfitting armour, electricity resistance, cold-blooded, AC
+7
a: Breathe Lightning, End Transformation, Renounce Religion


You were on level 8 of the Dungeon.
You worshipped Wu Jian.
Wu Jian was pleased with you.
You were hungry.
You had blades for hands.
You visited 1 branch of the dungeon, and saw 8 of its levels.

You collected 411 gold pieces.

Inventory:

Missiles
 a - 102 arrows
Armour
 o - a +1 cloak (worn)
Magical Staves
 y - an uncursed staff of death {unknown}
Jewellery
 p - a ring of wizardry (left scythe-like blade)
Wands
 f - a wand of polymorph (18/24)
 l - a wand of acid (3/15)
 A - a wand of polymorph (16/24)
Scrolls
 d - 5 scrolls of teleportation
 e - 3 scrolls of immolation
 i - a scroll of enchant weapon
 q - 3 scrolls of remove curse
 t - a scroll of enchant armour
 z - a scroll of fear
Potions
 g - 2 potions of magic
 k - 2 potions of heal wounds
 m - 2 potions of mutation
 n - 4 potions of curing
 r - 3 potions of brilliance
 s - a potion of ambrosia
 u - a potion of flight {unknown}
 w - a potion of might
Books
 b - a book of Changes

   Spells                             Type                      Level
   a - Beastly Appendage              Transmutation                1
   b - Sticks to Snakes               Transmutation                2
   c - Spider Form                    Transmutation/Poison         3
   d - Ice Form                       Ice/Transmutation            4
   e - Blade Hands                    Transmutation                5
 h - a book of Battle

   Spells                             Type                      Level
   a - Infusion                       Charms                       1
   b - Shroud of Golubria             Charms/Translocation         2
   c - Song of Slaying                Charms                       2
   d - Spectral Weapon                Hexes/Charms                 3
   e - Regeneration                   Charms/Necromancy            3
Comestibles
 c - 5 bread rations
 j - 3 royal jellies
 v - 7 chunks of flesh
 x - a meat ration


   Skills:
 - Level 1.1 Fighting
 - Level 1.7 Dodging
 * Level 11.6 Unarmed Combat
 - Level 2.0 Spellcasting
 + Level 8.2 Transmutations


You had 3 spell levels left.
You knew the following spells:

 Your Spells              Type           Power        Failure   Level  Hunger
a - Beastly Appendage     Tmut           ####..       6%          1    #......
b - Spider Form           Tmut/Pois      ###.......   22%         3    ###....
c - Blade Hands           Tmut           ####......   32%         5    ######.


Dungeon Overview and Level Annotations

Branches:
Dungeon (8/15)             Temple (0/1) D:4
   Lair: D:8-11

Altars:
Ashenzari
Cheibriados
Dithmenos
Gozag
Kikubaaqudgha
Makhleb
Uskayaw
Wu Jian

Shops:
D:7 (


Innate Abilities, Weirdness & Mutations

You can breathe wild blasts of lightning.
Your glossy black scales are hard. (AC +7)
You cannot fit into any form of body armour.
You are resistant to electric shocks. (rElec)
You are cold-blooded and may be slowed by cold attacks.


Message History

Unknown command.
You spin and attack the hornet.
You closely miss the hornet.
Your tail-slap misses the hornet.
You feel sick. The hornet stings you!
You feel as though you will be slow longer.
The hornet stings you but does no damage.
Found 15 gold pieces.
You spin and attack the hornet.
You slice the hornet!!
The hornet is severely wounded.
A bullfrog skeleton comes into view.
You feel sick. The hornet stings you!
* * * LOW HITPOINT WARNING * * *
You are lethally poisoned!
You shrug off the repeated paralysis!
The hornet stings you.
* * * LOW HITPOINT WARNING * * *
You feel as though you will be slow longer.
You spin and attack the hornet.
You barely miss the hornet.
The hornet is severely wounded.
* * * LOW HITPOINT WARNING * * *
You feel sick. The hornet stings you!
You die...

.█$ █..██... █..█...
.█ █..█... .█ █..█..
███.██ █.Z█.████████
█..... █..█.█......█
█.)... █...@█.████.█
█..... █...y..█....█
█.....
████████.███████.....
█.█<.)..))....
█)███████..... █)█
█..... █)███████.....
█..).......███


████████████ You could see a hornet.

Vanquished Creatures
  A two-headed ogre (D:8)
  Pikel (D:5)
  Prince Ribbit (D:6)
  Grinder (D:6)
  Eustachio (D:5)
  Edmund (D:6)
  3 sky beasts
  A black bear (D:4)
  A slave (D:5)
  An ogre (D:6)
  A centaur (D:7)
  Blork the orc (D:5)
  2 bullfrogs (D:6)
  A scorpion (D:7)
  A crimson imp (D:8)
  A bullfrog zombie (D:5)
  A hound (D:6)
  3 jellies
  4 orc priests
  A bullfrog skeleton (D:6)
  3 iguanas
  4 orc wizards
  A centaur skeleton (D:5)
  4 worker ants
  Robin (D:3)
  3 adders
  5 worms
  A dart slug (D:1)
  3 leopard geckos
  19 orcs
  4 bats
  5 giant cockroaches
  16 goblins
  8 hobgoblins
  22 jackals
  8 kobolds
  A quokka (D:2)
  3 frilled lizards
  A jackal skeleton (D:7)
  11 rats
151 creatures vanquished.

Vanquished Creatures (collateral kills)
  A necrophage (D:7)
1 creature vanquished.

Vanquished Creatures (others)
  A howler monkey (D:5)
  An adder zombie (D:5)
  2 jackals (D:5)
  A frilled lizard (D:5)
5 creatures vanquished.

Grand Total: 157 creatures vanquished

Notes
Turn   | Place    | Note
-------+----------+-------------------------------------------
     0 | D:1      | nht the Draconian Transmuter began the quest for the Orb.
     0 | D:1      | Reached XP level 1. HP: 16/16 MP: 3/3
   161 | D:1      | Reached XP level 2. HP: 12/23 MP: 5/5
   605 | D:1      | Reached XP level 3. HP: 25/28 MP: 6/6
   610 | D:1      | Reached skill level 4 in Unarmed Combat
  1326 | D:2      | Found an ornate altar of the Wu Jian Council.
  1342 | D:2      | Reached XP level 4. HP: 18/35 MP: 5/7
  1351 | D:2      | Became a worshipper of the Wu Jian Council
  2008 | D:3      | Reached * piety under Wu Jian
  2044 | D:3      | Noticed Robin
  2078 | D:3      | Found a burning altar of Makhleb.
  2078 | D:3      | Noticed an Executioner
  2081 | D:3      | Noticed an orange demon
  2081 | D:3      | Noticed a ynoxinul
  2107 | D:3      | You fall through a shaft for 2 floors!
  2107 | D:5      | Entered Level 5 of the Dungeon
  2114 | D:5      | Learned a level 3 spell: Spider Form
  2116 | D:5      | Noticed a slave
  2116 | D:5      | Noticed a slave
  2116 | D:5      | Noticed Pikel
  2116 | D:5      | Noticed a slave
  2116 | D:5      | Noticed a slave
  2127 | D:5      | Killed a slave
  2149 | D:5      | Killed Pikel
  2149 | D:5      | Reached skill level 6 in Unarmed Combat
  2149 | D:5      | Reached XP level 5. HP: 16/40 MP: 5/8
  2149 | D:5      | Reached XP level 6. HP: 19/47 MP: 5/9
  2149 | D:5      | Your scales start taking on a glossy black colour.
  2149 | D:5      | Reached XP level 7. HP: 21/52 MP: 5/10
  2149 | D:5      | Gained mutation: You are resistant to electric shocks. (rElec) [Black Draconian growth]
  2154 | D:5      | Reached skill level 7 in Unarmed Combat
  2193 | D:5      | Learned a level 5 spell: Blade Hands
  2532 | D:3      | Killed Robin
  2611 | D:3      | Reached skill level 5 in Transmutations
  2628 | D:3      | Found a hide-covered altar of Uskayaw.
  2631 | D:3      | Found a snail-covered altar of Cheibriados.
  2634 | D:3      | Found a shattered altar of Ashenzari.
  2705 | D:3      | Reached ** piety under Wu Jian
  3122 | D:4      | Found a staircase to the Ecumenical Temple.
  3424 | D:5      | Noticed Blork the orc
  3426 | D:5      | Reached skill level 8 in Unarmed Combat
  3431 | D:5      | Killed Blork the orc
  3431 | D:5      | Reached XP level 8. HP: 23/59 MP: 5/11
  3445 | D:5      | Found an opulent altar of Gozag.
  3781 | D:5      | Noticed Eustachio
  3800 | D:5      | Killed Eustachio
  3957 | D:6      | Found a shadowy altar of Dithmenos.
  4058 | D:6      | Noticed Grinder
  4064 | D:6      | Paralysed by Grinder for 2 turns
  4066 | D:6      | Killed Grinder
  4066 | D:6      | Reached skill level 9 in Unarmed Combat
  4125 | D:6      | Noticed Edmund
  4137 | D:6      | Killed Edmund
  4183 | D:6      | Noticed Prince Ribbit
  4183 | D:5      | Noticed a rust devil
  4183 | D:5      | Noticed a rust devil
  4205 | D:6      | Killed Prince Ribbit
  4205 | D:6      | Reached skill level 10 in Unarmed Combat
  4205 | D:6      | Reached XP level 9. HP: 32/64 MP: 12/12
  4940 | D:7      | Found an ancient bone altar of Kikubaaqudgha.
  5247 | D:7      | Found Zafim's Weapon Shop.
  5860 | D:8      | Noticed a two-headed ogre
  5868 | D:8      | Killed a two-headed ogre
  5868 | D:8      | Reached skill level 11 in Unarmed Combat
  5966 | D:8      | Paralysed by a hornet for 2 turns
  5970 | D:8      | Mangled by a hornet

Vault maps used:
D:1:      minmay_arrival_four_houses, minivault_19, minmay_pentomino_q2
D:2:      lemuel_round_altar, first_bread
D:3:      makhleb_altar_promises_db, grunt_temple_overflow_diamond,
          kennysheep_generic_room_9, uniq_robin
D:4:      black_bear_nest_2, minmay_temple_entry_mist
D:5:      cheibrodos_iron_armory, nicolae_gozag_cash_rules_everything_around_me,
          uniq_blork_the_orc, uniq_eustachio, uniq_pikel
D:6:      grunt_dithmenos_smoke_and_mirrors, serial_column_ruins,
          column_ruins_square_large, column_ruins_hut_ruined,
          column_ruins_open_tiny, column_ruins_open_tiny,
          column_ruins_open_tiny, column_ruins_corridor_straight,
          column_ruins_columns_plus, column_ruins_columns_straight,
          portal_sewer_entry_e, uniq_prince_ribbit1, uniq_edmund, uniq_grinder
D:7:      old_standard_altar, serial_shops, nicolae_shop_stone
D:8:      nicolae_overflow_crystal_walls

Skill      XL: |  1  2  3  4  5  6  7  8  9 |
---------------+----------------------------+-----
Unarmed Combat | 4 6 8 10 11 | 11.6
Transmutations | 4 5 6 8 |  8.2
Fighting       | |  1.1
Dodging        | |  1.7
Spellcasting   | |  2.0

Action                   |  1- 3 |  4- 6 |  7- 9 || total
-------------------------+-------+-------+-------++-------
Melee: Unarmed           |   152 |    87 |   322 ||   561
       Tailslap          |    15 |     8 |    19 ||    42
       Kick              |     7 |     1 |       ||     8
       Headbutt          |     3 |     2 |       ||     5
       Punch             |     1 |       |     5 ||     6
 Cast: Beastly Appendage |    11 |     5 |       ||    16
       Spider Form       |       |     1 |     8 ||     9
       Blade Hands       |       |       |     2 ||     2
Evoke: Wand              |       |       |    12 ||    12
  Use: Scroll            |       |     9 |    10 ||    19
       Potion            |       |     3 |     1 ||     4
 Stab: Sleeping          |     1 |     1 |     4 ||     6
  Eat: Chunk             |     2 |     2 |    14 ||    18
Armor: Skin              |    42 |    23 |    57 ||   122
Dodge: Dodged            |    83 |    38 |   155 ||   276
